 Dungeon Crawl Stone Soup version 0.30.0-13-g156ef70053 (webtiles) character file.

Game seed: 17362229471600886498

21 jasper the Sneak (level 3, -4/26 (31) HPs)
             Began as a Meteoran Delver on May 17, 2023.
             Slain by a wight
             ... wielding a +0 scimitar
              (7 damage)
             ... on level 7 of the Dungeon.
             The game lasted 00:00:55 (210 turns).

jasper the Sneak (Meteoran Delver)                   Turns: 210, Time: 00:00:55

HP:   -4/26 (31)    AC:  9    Str: 15    XL:     3   Next: 17%
MP:   4/4           EV:  8    Int: 12    God:
Gold: 46            SH:  0    Dex: 15    Spells: 2/2 levels left

rFire   . . .        a - +0 hand axe
rCold   . . .        (no shield)
rNeg    . . .        k - +0 chain mail
rPois   .            (no helmet)
rElec   .            (no cloak)
rCorr   .            (no gloves)
SInv    .            j - +0 pair of boots
Will    .....        (no amulet) Stlth
                     (no ring)
HPRegen 0.24/turn    (no ring)
MPRegen 0.09/turn

%: no passive effects
@: hasted, glowing, heavily drained, very quick
A: sense surroundings 1, otherworldly, glowing, explore regen
a: no special abilities


You were on level 7 of the Dungeon.
You visited 1 branch of the dungeon, and saw 3 of its levels.

You collected 46 gold pieces.

Inventory:

Hand Weapons
 a - a +0 hand axe (weapon)
Armour
 b - a +0 leather armour
 j - a +0 pair of boots (worn)
 k - a +0 chain mail (worn)
Wands
 g - a wand of digging (3)
Scrolls
 c - a scroll of fog
 d - a scroll of magic mapping
 e - a scroll of fear
 h - a scroll of enchant weapon {unknown}
 l - a scroll of enchant armour {unknown}


   Skills:
 + Level 3.5 Fighting
 * Level 3.1 Axes
 + Level 1.1 Armour
 + Level 2.8 Dodging
 - Level 3.7 Stealth


You had 2 spell levels left.
You didn't know any spells.
Your spell library contained the following spells:

 Spells                   Type           Power      Damage    Failure   Level
 Inner Flame              Hex/Fire       0%         N/A       100%        3
 Flame Wave               Conj/Fire      0%         2d4       100%        4
 Sticky Flame             Conj/Fire      0%         2d3       100%        4


Dungeon Overview and Level Annotations

Branches:
Dungeon (7/15) Zot: 1588
 Temple: D:4-7

Altars:
Fedhas


Innate Abilities, Weirdness & Mutations

You passively map a small area around you.
You are easily found by Zot.
You glow in the dark.
You regain HP and MP as you explore.


Message History

You start removing your armour.
You continue taking off your +0 leather armour. x4
You finish taking off your +0 leather armour.
You start putting on your armour.
You continue putting on your +0 chain mail. x5
You finish putting on your +0 chain mail.
You now have 23 gold pieces.
You now have 40 gold pieces (gained 17).
l - a scroll labelled NOESEG HEFI You now have 46 gold pieces (gained 6).
You pick up a book of Flames and begin reading...
You add the spells Inner Flame, Sticky Flame and Flame Wave to your library.
You open the door.
There is an open door here.
Found a blossoming altar of Fedhas.
A wight comes into view. It is wielding a +0 scimitar.
There is an open door here.
It was a potion of curing.
You feel better.
Okay, then.
Okay, then.
You feel yourself speed up.
You completely miss the wight. The wight hits you with a +0 scimitar!
You feel drained.
You take 13 damage, and have 18/29 hp.
MASSIVE DAMAGE!!
You hit the wight but do no damage.
A hound comes into view.
The wight hits you with a +0 scimitar.
You feel drained.
You take 5 damage, and have 13/28 hp.
The hound barks!
You hit the wight but do no damage. The wight hits you with a +0 scimitar!
* * * LOW HITPOINT WARNING * * *
You feel drained.
* * * LOW HITPOINT WARNING * * *
You take 11 damage, and have 2/26 hp.
MASSIVE DAMAGE!!
You hit the wight but do no damage. You hit the wight.
The wight is lightly damaged.
The wight barely misses you.
You barely miss the wight. The wight hits you with a +0 scimitar!
You die...

##########...####.*
#............#....#
#..............##.. ***
#..............#...
#.........#....#..#
#..................
#....h......##...#.
#...........#......
#.@.........#.....#
#.z.........#.....#
######'###.............
#...................#.#
#.....................#
*
#...................###
#...................# #
######.###..........# #
, #.# #..........# #


You could see a hound and a wight.

Vanquished Creatures
  2 adders
  An orc (D:6)
3 creatures vanquished.

Notes
Turn   | Place    | Note
-------+----------+-------------------------------------------
     0 | D:5      | jasper the Meteoran Delver began the quest for the Orb.
     0 | D:5      | Reached XP level 1. HP: 19/19 MP: 2/2
    10 | D:6      | Reached XP level 2. HP: 2/26 MP: 3/3
    19 | D:6      | Noticed a jelly
    20 | D:6      | Noticed a hound
    48 | D:5      | Reached skill level 1 in Armour
    48 | D:5      | Reached XP level 3. HP: 10/31 MP: 4/4
   185 | D:7      | Found a blossoming altar of Fedhas.
   186 | D:7      | Noticed a wight
   210 | D:7      | Slain by a wight

Illustrated notes

Levels and vault maps discovered:
D:5:      layout_loops_ring, kennysheep_vampire_church,
          minmay_temple_entry_nine_rooms
D:6:      minmay_inner_zag, layout_rooms, marbit_many_paths, uniq_menkaure
D:7:      layout_basic, nicolae_overflow_hidden_temple, uniq_joseph,
          uniq_duvessa

Skill      XL: |  1  2 |
---------------+-------+-----
Axes           | 3 |  3.1
Armour         | 1 |  1.1
Fighting       | |  3.5
Dodging        | |  2.8
Stealth        | |  3.7

Action                     || total
---------------------------++-------
  Melee: Hand axe          ||    22
    Use: Potion            ||     2
 Armour: Leather armour    ||     2
  Dodge: Dodged            ||    12
